 Dungeon Crawl Stone Soup version 0.28.0 (webtiles) character file.

Game seed: 12617171875699334422

1 SnakkuSnakku7 the Grasshopper (level 1, -2/12 HPs)
             Began as a Kobold Warper on Feb 9, 2022.
             Slain by a quokka (3 damage)
             ... on level 1 of the Dungeon.
             The game lasted 00:00:14 (129 turns).

SnakkuSnakku7 the Grasshopper (Kobold Warper)        Turns: 129, Time: 00:00:15

Health: -2/12      AC:  3    Str:  8    XL:     1   Next: 22%
Magic:  3/3        EV: 14    Int: 14    God:
Gold:   11         SH:  0    Dex: 14    Spells: 4/4 levels left

rFire   . . .      SeeInvis .   a - +0 mace
rCold   . . .      Faith    .   (no shield)
rNeg    . . .      Spirit   .   b - +0 leather armour
rPois   .          Reflect  .   (no helmet)
rElec   .          Harm     .   (no cloak)
rCorr   .          Rampage  .   (no gloves)
Will    .....                   (no boots)
Stlth   ++........              (no amulet)
HPRegen 0.04/turn               (no ring)
MPRegen 0.08/turn               (no ring)

@: no status effects
A: small, no large weapons, nightstalker 3
a: no special abilities


You were on level 1 of the Dungeon.
You visited 1 branch of the dungeon, and saw 1 of its levels.

You collected 11 gold pieces.

Inventory:

Hand Weapons
 a - a +0 mace (weapon)
Missiles
 d - 5 boomerangs of dispersal (quivered)
Armour
 b - a +0 leather armour (worn)
Scrolls
 c - a scroll of blinking
 e - a scroll of noise {unknown}


   Skills:
 - Level 2.1 Fighting
 + Level 1.9 Maces & Flails
 - Level 1.1 Throwing
 - Level 0.7 Armour
 - Level 2.4 Dodging
 - Level 2.1 Spellcasting
 - Level 3.0 Translocations


You had 4 spell levels left.
You didn't know any spells.
Your spell library contained the following spells:

 Spells                   Type           Power      Damage    Failure   Level
 Blink                    Tloc           18%        N/A       14%         2
 Gell's Gravitas          Tloc           9%         N/A       28%         3
 Lesser Beckoning         Tloc           9%         N/A       28%         3
 Teleport Other           Tloc           9%         N/A       28%         3
 Manifold Assault         Tloc           9%         N/A       95%         5


Dungeon Overview and Level Annotations

Branches:
Dungeon (1/15)

Altars:


Innate Abilities, Weirdness & Mutations

You are small and have problems with some larger weapons.
You are completely attuned to the shadows.


Message History

The helpless ball python fails to defend itself.
You hit the ball python.
The ball python is moderately wounded.
The ball python barely misses you. x2; The ball python misses you.
The ball python closely misses you.
You hit the ball python.
You kill the ball python!
Found 11 gold pieces.
The helpless frilled lizard fails to defend itself.
You hit the frilled lizard.
You kill the frilled lizard!
No target in view!
No target in view!
e - a scroll labelled CUQ TIRRU RUSKUBB You now have 11 gold pieces.
A goblin comes into view. It is wielding a +0 dagger.
A goblin is nearby!
A goblin is nearby!
A quokka comes into view.
The quokka bites you. The quokka barely misses you.
You miss the quokka. The quokka closely misses you.
The goblin hits you with a +0 dagger.
You are too injured to fight recklessly!
You are too injured to fight recklessly!
The quokka bites you. The quokka closely misses you.
A giant cockroach comes into view.
You hit the quokka.
The quokka is lightly wounded.
The quokka bites you.
* * * LOW HITPOINT WARNING * * *
You hit the quokka.
The quokka is almost dead.
The quokka completely misses you. The quokka bites you.
* * * LOW HITPOINT WARNING * * *
You hit the quokka but do no damage. You punch the quokka, but do no damage.
The quokka is almost dead.
The quokka bites you but does no damage.
The quokka bites you.
You die...

.. #####.##..##..
.......#...... ..# #
.......##....##..# #
.....#..#....#..###############
.............................[.
.......#...##r.................
####...###.g.#@.B..............
#...# #...##.###............
#...# #...##.###............
#.............########
##............########
#....................
###..................
#.#.###............ #.#.#
#†...........


You could see a quokka and a giant cockroach (asleep).

Vanquished Creatures
  A ball python (D:1)
  A frilled lizard (D:1)
2 creatures vanquished.

Notes
Turn   | Place    | Note
-------+----------+-------------------------------------------
     0 | D:1      | SnakkuSnakku7 the Kobold Warper began the quest for the
                  | Orb.
     0 | D:1      | Reached XP level 1. HP: 12/12 MP: 3/3
   129 | D:1      | Slain by a quokka

Illustrated notes

Levels and vault maps discovered:
D:1:      tarquinn_simple_flora_water_b, layout_basic, minmay_misc_feat_iff

Action                   || total
-------------------------++-------
Melee: Mace              ||     7
       Punch             ||     1
 Stab: Sleeping          ||     2
Armor: Leather armour    ||     1
Dodge: Dodged            ||     8
